Map: 雷鸟-天梯版

Players

SortOf

  • Race: Zerg Zerg
  • League: Master
  • Spawn Location: 5:00

llllllllllll (Oliveira) - Winner!

  • Race: Terran Terran
  • League: Master
  • Spawn Location: 11:00

VOD

Have the link to the VOD?

Description

Time

  • Played on: Aug. 1, 2019, 10:42 a.m.
  • Length: 16:20
Show
View Real Time Build Order
Export as new Build Order

SortOf Zerg 

Build Orders: Hatch First, Muta Ling Bane 

Get SALT Encoding   

  12  0:00  Drone  
  13  0:13  Overlord  
  13  0:17  Drone  
  14  0:31  Drone x2  
  16  0:47  Hatchery  
  15  0:51  Drone  
  15  0:55  Drone  
  17  0:58  Drone  
  18  1:09  Extractor  
  17  1:13  Spawning Pool  
  17  1:17  Drone  
  17  1:20  Drone  
  18  1:28  Drone  
  19  1:40  Drone  
  20  1:49  Overlord  
  20  1:59  Queen  
  20  2:00  Queen  
  24  2:02  Zergling x4  
  26  2:12  Drone x2  
  28  2:22  Hatchery  
  28  2:27  Drone  
  28  2:28  Drone  
  29  2:36  Queen  
  31  2:41  Drone  
  32  2:46  Metabolic Boost  
  32  2:48  Drone  
  32  2:50  Overlord  
  33  2:54  Drone  
  34  3:01  Drone x2  
  36  3:08  Queen  
  38  3:14  Overlord, Drone  
  38  3:18  Drone  
  40  3:24  Overlord  
  40  3:25  Drone x2  
  42  3:28  Drone x2  
  44  3:36  Queen  
  44  3:38  Overlord  
  44  3:40  Drone x2  
  48  3:47  Queen  
  50  3:48  Drone x2  
  50  3:52  Overlord  
  50  3:53  Drone  
  50  3:55  Drone x2  
  54  3:58  Drone x2  
  57  4:05  Evolution Chamber  
  57  4:06  Evolution Chamber, Drone  
  56  4:10  Drone x2  
  56  4:14  Baneling Nest  
  57  4:17  Drone x4  
  57  4:22  Queen  
  63  4:27  Drone x3  
  63  4:28  Drone  
  67  4:33  Extractor  
  67  4:35  Extractor, Drone x4  
  69  4:40  Overlord  
  69  4:45  Zerg Ground Armor Level 1  
  69  4:49  Drone x5  
  74  4:58  Overlord x2  
  74  4:59  Extractor, Zergling x12  
  79  5:01  Drone  
  79  5:04  Zerg Melee Weapons Level 1  
  79  5:05  Drone  
  81  5:08  Drone  
  82  5:16  Overlord, Queen  
  82  5:17  Zergling x2  
  82  5:18  Zergling x6  
  82  5:19  Baneling x5  
  82  5:20  Baneling  
  88  5:23  Baneling  
  88  5:30  Extractor  
  88  5:31  Zergling x8  
  91  5:39  Lair  
  91  5:40  Drone  
  91  5:41  Drone x4, Hatchery  
  95  5:48  Zergling x12  
  95  5:49  Zergling x2  
  102  5:54  Baneling x6  
  102  5:56  Zergling x2  
  103  6:03  Zergling x8  
  92  6:13  Zergling x10  
  96  6:19  Drone  
  96  6:20  Spore Crawler  
  96  6:25  Zergling x6  
  99  6:28  Baneling x5  
  99  6:33  Drone  
  99  6:34  Drone  
  99  6:35  Zergling x2  
  101  6:45  Zerg Ground Armor Level 2  
  96  6:48  Drone x7  
  103  6:54  Spire  
  103  6:58  Zerg Melee Weapons Level 2  
  102  7:01  Centrifical Hooks  
  102  7:03  Drone x8  
  102  7:04  Pneumatized Carapace  
  102  7:08  Overlord, Extractor  
  109  7:09  Zergling x2  
  109  7:11  Extractor  
  109  7:12  Zergling x2  
  110  7:19  Zergling x6  
  110  7:20  Overlord  
  110  7:21  Overlord x5  
  112  7:26  Queen x2  
  112  7:29  Zergling x2  
  120  7:30  Zergling x6  
  120  7:32  Overlord  
  119  7:40  Drone x3  
  119  7:41  Drone x4  
  122  7:45  Zergling x10  
  122  7:47  Baneling x6  
  127  7:54  Zergling x14  
  132  8:06  Zergling x16  
  132  8:11  Zerg Flyer Weapons Level 1  
  132  8:12  Mutalisk x2  
  135  8:13  Mutalisk x3, Overseer  
  135  8:18  Mutalisk x2  
  149  8:29  Overlord  
  149  8:31  Mutalisk x4  
  149  8:32  Overlord  
  157  8:40  Mutalisk x2  
  156  8:43  Zergling x18  
  165  8:50  Hatchery  
  165  8:52  Overlord  
  164  8:56  Mutalisk x2, Infestation Pit  
  164  8:59  Zergling x4  
  169  9:08  Zergling x8  
  169  9:09  Extractor, Zergling x2  
  171  9:15  Zergling x6  
  172  9:24  Zergling x20  
  172  9:27  Baneling x22  
  181  9:36  Zergling x8  
  178  9:41  Zergling x6  
  152  9:54  Zergling x2  
  152  9:55  Zergling x18  
  134  10:01  Mutalisk  
  134  10:03  Hive  
  134  10:05  Queen  
  127  10:08  Baneling  
  127  10:09  Baneling x7  
  127  10:13  Zergling x12  
  130  10:18  Drone  
  130  10:21  Drone x3  
  134  10:32  Drone x5  
  139  10:39  Mutalisk x3  
  139  10:40  Mutalisk  
  147  10:43  Zergling x12  
  147  10:44  Zergling x6  
  156  10:50  Overseer  
  156  10:51  Overseer  
  156  10:56  Drone x2  
  158  10:58  Zergling x10  
  158  11:01  Baneling x28  
  163  11:08  Overlord  
  163  11:10  Zergling x20  
  173  11:14  Baneling x2  
  173  11:15  Baneling x8  
  173  11:23  Zergling x14  
  180  11:26  Ultralisk Cavern  
  180  11:29  Overlord  
  179  11:39  Zergling x28  
  193  11:40  Zerg Ground Armor Level 3  
  193  11:53  Zergling x14  
  199  11:56  Baneling x13  
  193  12:10  Zergling x4  
  193  12:11  Zergling x16  
  162  12:16  Zergling x14  
  162  12:22  Baneling x9  
  151  12:24  Chitinous Plating  
  151  12:25  Ultralisk, Zergling x8  
  151  12:28  Zergling x6  
  144  12:38  Ultralisk x2  
  144  12:40  Baneling x2  
  144  12:43  Zergling x2  
  149  12:54  Ultralisk  
  141  12:58  Zergling x26  
  141  12:59  Zergling x4  
  152  13:08  Zerg Flyer Weapons Level 2  
  152  13:17  Zergling x14  
  159  13:20  Overseer  
  159  13:29  Adrenal Glands  
  159  13:33  Zergling x2  
  159  13:34  Zergling x14  
  166  13:36  Spore Crawler  
  166  13:38  Overseer x2  
  166  13:41  Hatchery  
  164  13:42  Anabolic Synthesis, Nydus Network  
  162  13:49  Zergling x20  
  162  13:51  Baneling x6  
  170  14:05  Evolution Chamber  
  170  14:08  Zergling x24  
  187  14:11  Zergling x6  
  187  14:19  Zergling x14  
  182  14:30  Zergling x4  
  182  14:31  Zergling x4  
  141  14:39  Ultralisk  
  144  14:46  Baneling x3  
  144  14:50  Nydus Canal  
  144  14:57  Corruptor x3  
  132  15:09  Zergling x2  
  124  15:19  Zergling x4  
  124  15:20  Zergling x12  
  127  15:32  Zergling x2  
  127  15:33  Zergling x8  
  127  15:34  Baneling x2  
  132  15:45  Zergling x16  
  140  15:54  Zergling x4  
  147  15:58  Baneling x6  
Show
View Real Time Build Order
Export as new Build Order

llllllllllll Terran - Winner!

Build Orders: Reaper Expand 

Get SALT Encoding   

  12  0:00  SCV  
  13  0:12  SCV  
  14  0:17  Supply Depot  
  14  0:24  SCV  
  15  0:39  SCV  
  15  0:40  Barracks  
  16  0:44  Refinery  
  16  0:51  SCV  
  17  1:03  SCV  
  18  1:15  SCV  
  19  1:28  Orbital Command, Reaper  
  20  1:40  Command Center  
  20  1:48  Supply Depot  
  21  1:54  SCV  
  21  2:01  Barracks Reactor  
  21  2:06  SCV  
  22  2:18  SCV  
  23  2:23  Command Center  
  23  2:30  SCV  
  24  2:38  Marine x2, Barracks  
  24  2:42  SCV  
  27  2:52  Orbital Command  
  27  2:54  SCV  
  27  2:56  Marine x2  
  30  3:06  Factory  
  30  3:07  SCV  
  30  3:12  Refinery  
  31  3:14  Marine  
  31  3:19  SCV  
  33  3:20  SCV  
  33  3:25  Marine  
  33  3:26  Barracks Tech Lab  
  35  3:31  SCV  
  35  3:32  SCV, Marine  
  38  3:36  Orbital Command  
  38  3:43  Marine  
  38  3:45  SCV  
  38  3:48  Stimpack  
  40  3:50  Marine  
  40  3:51  Starport  
  40  3:52  Factory Reactor  
  40  3:54  SCV, Marine  
  43  3:57  SCV  
  43  4:00  Marine  
  43  4:02  SCV  
  46  4:07  Marine  
  46  4:08  SCV  
  46  4:09  Supply Depot  
  48  4:10  SCV  
  48  4:12  Marine  
  48  4:16  Orbital Command  
  50  4:18  Marine  
  50  4:20  SCV  
  50  4:22  SCV  
  53  4:25  Marine  
  53  4:27  Medivac  
  53  4:29  Hellion x2  
  60  4:31  Supply Depot  
  60  4:32  SCV  
  60  4:33  Marine  
  60  4:35  SCV  
  60  4:36  Marine, Supply Depot  
  64  4:42  SCV  
  64  4:43  Marine  
  64  4:44  SCV  
  67  4:50  Armory, Hellion  
  69  4:53  SCV, Hellion  
  69  4:56  Marine  
  69  4:57  Medivac, Marine, Supply Depot  
  69  4:59  SCV  
  77  5:01  SCV  
  77  5:05  Marine, Supply Depot  
  77  5:06  SCV  
  80  5:11  SCV  
  80  5:14  Marine  
  81  5:15  Hellion  
  81  5:16  Marine  
  87  5:21  Engineering Bay  
  87  5:23  Marine  
  87  5:24  SCV  
  87  5:26  SCV  
  87  5:27  Refinery, Engineering Bay  
  87  5:28  Refinery  
  90  5:29  Starport Reactor  
  90  5:33  SCV, Marine  
  92  5:38  SCV  
  92  5:39  Marine  
  92  5:40  Barracks  
  92  5:43  SCV  
  92  5:44  Marine, Factory Tech Lab  
  92  5:45  SCV  
  92  5:48  Combat Shield, Supply Depot  
  85  6:07  Marine  
  80  6:11  Marine  
  80  6:12  Siege Tank  
  80  6:13  Terran Infantry Weapons Level 1, Terran Infantry Armor Level 1  
  80  6:15  SCV x3  
  80  6:16  Marine, Barracks x2  
  83  6:24  Medivac x2  
  83  6:25  Refinery x2, Marine  
  87  6:27  SCV x2  
  87  6:28  SCV, Command Center  
  87  6:30  Marine x2  
  93  6:33  Marine  
  93  6:39  SCV x2  
  96  6:40  SCV  
  96  6:46  Marine  
  90  6:47  Siege Tank  
  90  6:51  SCV x2, Marine  
  90  6:52  SCV, Marine x2  
  99  6:57  Marine  
  100  7:03  SCV x2  
  100  7:04  Barracks Reactor x2  
  100  7:05  SCV  
  103  7:11  Factory  
  103  7:14  Barracks  
  103  7:15  SCV x2, Supply Depot, Barracks, Medivac  
  105  7:16  Medivac, Supply Depot  
  105  7:17  Barracks  
  109  7:28  Supply Depot  
  109  7:36  Marine x4, Siege Tank  
  116  7:39  Supply Depot  
  116  7:40  Marine  
  116  7:41  Marine x3  
  116  7:42  SCV x2  
  122  7:47  Medivac x2  
  122  7:48  Marine  
  127  7:52  SCV  
  127  7:54  SCV, Marine  
  127  7:58  Marine  
  131  7:59  Factory Tech Lab  
  131  8:06  Barracks Tech Lab x3  
  131  8:08  Siege Tank  
  131  8:10  Marine x2  
  131  8:11  Marine x2  
  136  8:12  SCV  
  136  8:14  Planetary Fortress  
  136  8:17  SCV  
  136  8:18  SCV  
  136  8:19  Marine x5, Siege Tank  
  146  8:21  Supply Depot  
  146  8:22  Liberator, Supply Depot  
  146  8:25  Marauder  
  146  8:26  Liberator, Concussive Shells  
  150  8:27  Marauder x2  
  150  8:28  Marine x2  
  150  8:30  Marine  
  150  8:31  Sensor Tower, Supply Depot  
  154  8:42  Marine x2  
  154  8:43  Siege Tank  
  154  8:44  SCV  
  154  8:47  SCV x2  
  167  8:50  Supply Depot  
  167  8:51  Marine  
  167  8:52  Marine x2  
  167  8:53  Siege Tank, Supply Depot  
  167  8:54  Marine x2  
  173  8:57  Marine  
  173  8:58  Marine  
  173  9:00  Marine x2  
  179  9:03  Missile Turret  
  179  9:04  Missile Turret  
  179  9:05  Missile Turret  
  179  9:09  Terran Infantry Weapons Level 2  
  175  9:14  Missile Turret  
  175  9:15  Marine  
  175  9:16  Marine, Marauder x2  
  180  9:18  Marine x2  
  180  9:23  Marine x2  
  180  9:24  Marauder  
  184  9:27  Marine  
  184  9:28  Medivac  
  184  9:30  Marine  
  188  9:48  Marine x2  
  188  9:49  Marine x2, Marauder  
  188  9:51  Marauder  
  175  9:57  Marine x3, Marauder x2  
  175  9:58  Marine, Siege Tank  
  149  10:01  Thor  
  149  10:06  Marine x2  
  149  10:07  Medivac, Marine x2  
  142  10:08  Terran Infantry Armor Level 2, Medivac  
  142  10:10  Marauder  
  142  10:12  Marauder  
  142  10:13  Command Center  
  149  10:14  Marine  
  149  10:19  Marine x2, Terran Vehicle Weapons Level 1, Supply Depot  
  149  10:20  Marauder  
  151  10:23  Marine  
  151  10:24  Marine, Marauder  
  151  10:27  Liberator  
  155  10:30  Missile Turret  
  155  10:31  Missile Turret  
  155  10:32  Marine x2  
  155  10:33  Siege Tank, Marauder  
  162  10:37  Marine x2  
  162  10:38  Marauder  
  162  10:39  Medivac  
  168  10:43  Supply Depot  
  168  10:46  Marine x2  
  173  10:53  Marine x2, Marauder  
  176  10:58  Supply Depot x2  
  176  10:59  Marine x2  
  176  11:00  Marauder  
  180  11:04  Marine  
  180  11:05  Refinery x2  
  180  11:06  Marine, Marauder  
  180  11:10  Marine x2, Marauder  
  188  11:16  Marine x2  
  188  11:17  Marauder  
  192  11:25  Sensor Tower, Siege Tank  
  195  11:35  Marine  
  195  11:36  Marauder  
  192  11:40  Marine x2  
  192  11:42  Marine, Siege Tank  
  194  11:49  Terran Infantry Weapons Level 3  
  194  11:55  Marine x2  
  194  11:56  Marine x2, Marauder  
  165  12:16  Siege Tank  
  165  12:17  Marine x3, Marauder x2  
  165  12:19  Marine  
  165  12:20  Marine  
  158  12:24  Marine x2, Marauder  
  158  12:25  Siege Tank  
  158  12:27  Medivac x2  
  158  12:29  Marine, Marauder  
  172  12:34  Marine  
  172  12:35  Marine x2  
  158  12:37  Marine  
  158  12:38  Marine  
  158  12:39  Marauder x2  
  158  12:41  Marine  
  158  12:42  Marine, Planetary Fortress  
  164  12:46  Marauder  
  164  12:47  Marine  
  164  12:48  Siege Tank  
  164  12:49  Liberator x2  
  164  12:50  Marine  
  171  12:52  Marine x2, Missile Turret  
  171  12:58  Marine x2  
  151  12:59  Marine x2  
  151  13:00  Marauder x2  
  151  13:01  Siege Tank  
  151  13:05  Marine x2  
  159  13:07  Marauder  
  167  13:13  Marine x2  
  167  13:14  Marauder  
  167  13:16  Marine  
  167  13:17  Marine x2  
  174  13:21  Starport  
  174  13:23  Fusion Core, Siege Tank  
  174  13:25  Starport  
  177  13:28  Terran Vehicle And Ship Armor Level 1, Terran Infantry Armor Level 3  
  177  13:30  Marauder  
  177  13:32  Marine  
  180  13:35  Marine  
  180  13:38  Marine, Marauder  
  184  13:41  Marine  
  184  13:42  Marine  
  184  13:43  Marine, Marauder  
  184  13:46  Siege Tank  
  192  13:52  Medivac x2  
  194  14:09  Marine x2  
  195  14:10  Marauder  
  195  14:12  Starport Reactor  
  197  14:17  Command Center  
  197  14:19  Liberator x2, Starport Tech Lab  
  197  14:21  Marine  
  197  14:22  Marine, Marauder  
  197  14:23  Siege Tank  
  196  14:24  Liberator  
  196  14:31  Marine x2, Marauder  
  177  14:39  Marine x3  
  177  14:40  Marauder  
  177  14:43  Advanced Ballistics  
  177  14:45  Marine x2  
  186  14:46  Marauder  
  186  14:51  Marine x2, Siege Tank  
  186  14:52  Marauder  
  182  15:09  Liberator x2, Marine x2, Marauder  
  182  15:10  Marine  
  182  15:11  Marine, Marauder  
  181  15:23  Marine x2  
  181  15:24  Marauder  
  191  15:30  Marine x2  
  191  15:31  Marauder  
  191  15:33  SCV x2  
  197  15:36  Command Center  
  197  15:38  Orbital Command  
  197  15:41  Marine, Marauder  
Tags
 
Add a new tag
Caveats
  • Supply blocks, unpowered buildings, or Contaminate may cause inaccurate times.
  • Supply counts are checked every 10 seconds.